 Dungeon Crawl Stone Soup version 0.29.1 (webtiles) character file.

Game seed: 9987219688524127245

2152 masschaos23 the Cleaver (level 9, -2/79 HPs)
             Began as a Hill Orc Fighter on Sept 15, 2022.
             Was a Believer of Beogh.
             Shot with a bolt by an orc warrior (16 damage)
             ... on level 7 of the Dungeon.
             The game lasted 00:16:52 (5274 turns).

masschaos23 the Cleaver (Hill Orc Fighter)          Turns: 5274, Time: 00:16:56

Health: -2/79      AC: 14    Str: 21    XL:     9   Next: 31%
Magic:  9/9        EV: 12    Int:  8    God:    Beogh [**....]
Gold:   218        SH:  5    Dex: 12    Spells: 8/8 levels left

rFire   . . .      SeeInvis .   a - +1 war axe (flame)
rCold   + + .      Faith    .   c - +0 buckler
rNeg    . . .      Spirit   .   e - +2 chain mail {rC+}
rPois   .          Reflect  .   y - +0 helmet
rElec   .          Harm     .   K - +0 cloak
rCorr   .          Rampage  .   (no gloves)
Will    .....                   (no boots)
Stlth   ..........              k - amulet of regeneration
HPRegen 1.83/turn               s - +4 ring of evasion
MPRegen 0.11/turn               (no ring)

@: no status effects
A: cold resistance 1, regeneration 1
a: Renounce Religion, Smiting


You were on level 7 of the Dungeon.
You worshipped Beogh.
Beogh was pleased with you.
You visited 1 branch of the dungeon, and saw 7 of its levels.

You collected 218 gold pieces.

Inventory:

Hand Weapons
 a - a +1 war axe of flaming (weapon)
 A - a +2 scimitar of flaming
Missiles
 E - 11 boomerangs (quivered)
 J - a throwing net
Armour
 c - a +0 buckler (worn)
 e - a +2 chain mail of cold resistance (worn)
 y - a +0 helmet (worn)
 F - a +0 ring mail of fire resistance
 H - a +0 helmet
 K - a +0 cloak (worn)
Jewellery
 k - an amulet of regeneration (around neck)
 l - an amulet of guardian spirit
 p - a ring of fire
 s - a +4 ring of evasion (left hand)
Wands
 z - a wand of paralysis (9)
 G - a wand of quicksilver (9)
Scrolls
 g - 2 scrolls of blinking
 h - 3 scrolls of identify
 m - 2 scrolls of vulnerability
 o - 3 scrolls of teleportation
 q - a scroll of poison
 x - a scroll of silence
 I - a scroll of magic mapping
Potions
 d - a potion of might
 f - 3 potions of mutation
 i - 2 potions of heal wounds
 j - a potion of attraction {unknown}
 n - a potion of degeneration {unknown}
 t - a potion of haste {unknown}
 u - 2 potions of berserk rage {unknown}
 v - 3 potions of lignification {unknown}
 w - a potion of curing
 C - 2 potions of flight {unknown}
 D - a potion of cancellation {unknown}


   Skills:
 + Level 7.2 Fighting
 + Level 10.8 Axes
 + Level 6.4 Armour
 + Level 2.2 Dodging
 + Level 0.5 Stealth
 + Level 5.6 Shields


You had 8 spell levels left.
You didn't know any spells.
Your spell library contained the following spells:

 Spells                   Type           Power      Damage    Failure   Level
 Portal Projectile        Hex/Tloc       0%         N/A       100%        3
 Tukima's Dance           Hex            0%         N/A       100%        3
 Blade Hands              Tmut           0%         N/A       100%        5


Dungeon Overview and Level Annotations

Branches:
Dungeon (7/15)             Temple (0/1) D:5

Altars:
Elyvilon
Wu Jian

Shops:
D:2 [


Innate Abilities, Weirdness & Mutations

Your flesh is cold resistant. (rC+)
Your natural rate of healing is unusually fast.


Message History

The wight hits you but does no damage. The orc barely misses you.
Something hits you but does no damage. You block the orc priest's attack.
Items here: )))))) [[[[.
You hit the wight. You burn the wight.
The wight is moderately damaged.
You barely miss the orc. You closely miss something.
The orc closely misses you. The wight misses you.
The orc priest mumbles some strange prayers to Beogh against you.
Beogh smites you!
* * * LOW HITPOINT WARNING * * *
The orc wizard gestures wildly while chanting.
The orc wizard flickers and vanishes!
You hear some strange, mumbled words.
A magic dart appears from out of thin air!
The magic dart hits you but does no damage.
You slash the wight! You burn the wight.
You destroy the wight!
Beogh accepts your kill.
You slash the orc! You burn the orc.
You kill the orc!
Beogh accepts your kill.
You slash something! You burn something. Beogh accepts your kill.
Reactivating autopickup.
You feel a bit more experienced.
The orc priest hits you but does no damage.
You hear some strange, mumbled words.
Your life force feels restored.
You closely miss the orc. You miss something. The orc priest misses you.
The orc closely misses you. Something barely misses you.
Unknown command.
You hit the orc. You burn the orc.
The orc is almost dead.
You hit something but do no damage. You block the orc's attack.
The orc priest mumbles some strange prayers to Beogh against you.
Beogh smites you!
* * * LOW HITPOINT WARNING * * *
The orc warrior shoots a bolt.
The bolt hits you!
You die...
Beogh appreciates the orc warrior's killing of a heretic priest.

.....##.....
..o...o...# ##
.o........## ...
#..<>.#....
####.....##
#.........#. ##
###oo.........
##...##)#)..........
....$.).@oo.........
.....#####..........
... #..#......) .
......##...
...##.....## .....
...... ##..# .... ##
##


You could see an orc warrior, an orc priest and 2 orcs.

Vanquished Creatures
  A troll (D:5)
  Eustachio (D:6)
  A sky beast (D:6)
  4 ogres
  2 centaurs (D:5)
  A bullfrog (D:6)
  A gnoll sergeant (D:6)
  A scorpion (D:4)
  5 wights (D:7)
  3 jellies
  5 hounds
  2 orc priests (D:7)
  3 iguanas
  3 orc wizards
  8 gnolls (D:6)
  A river rat (D:5)
  7 adders
  A shadow imp (D:5)
  2 white imps
  4 ufetubi (D:6)
  6 worms
  2 dart slugs
  16 orcs
  9 bats
  10 endoplasms
  2 giant cockroaches (D:3)
  6 goblins
  7 hobgoblins
  5 kobolds
  4 quokkas
  7 ball pythons
  3 frilled lizards
  9 rats
142 creatures vanquished.

Vanquished Creatures (collateral kills)
  An adder (D:5)
1 creature vanquished.

Vanquished Creatures (others)
  2 plants (D:2)
2 creatures vanquished.

Grand Total: 145 creatures vanquished

Notes
Turn   | Place    | Note
-------+----------+-------------------------------------------
     0 | D:1      | masschaos23 the Hill Orc Fighter began the quest for the
                  | Orb.
     0 | D:1      | Reached XP level 1. HP: 19/19 MP: 1/1
   106 | D:1      | Reached XP level 2. HP: 23/27 MP: 2/2
   361 | D:1      | Found a faded altar of an unknown god.
   453 | D:2      | Reached skill level 3 in Axes
   466 | D:2      | Reached XP level 3. HP: 26/33 MP: 3/3
   691 | D:2      | Found Ucuefiem's Armour Shop.
   840 | D:2      | Identified the +1 pair of boots "Nohoirorph" {SInv}
  1336 | D:3      | Reached XP level 4. HP: 40/40 MP: 4/4
  1447 | D:3      | Found a white marble altar of Elyvilon.
  1531 | D:3      | Reached skill level 4 in Axes
  1914 | D:4      | Noticed a scorpion
  1919 | D:4      | Killed a scorpion
  1920 | D:4      | Reached XP level 5. HP: 26/47 MP: 5/5
  2172 | D:4      | Reached skill level 5 in Axes
  2250 | D:4      | Reached XP level 6. HP: 45/53 MP: 4/6
  2465 | D:4      | Reached skill level 6 in Axes
  2581 | D:4      | Reached skill level 5 in Fighting
  2881 | D:4      | Became a worshipper of Beogh the Brigand
  3220 | D:5      | Entered Level 5 of the Dungeon
  3232 | D:5      | Reached skill level 1 in Dodging
  3232 | D:5      | Reached XP level 7. HP: 48/61 MP: 4/7
  3280 | D:5      | Reached skill level 7 in Axes
  3319 | D:5      | Reached skill level 5 in Armour
  3365 | D:5      | Noticed a troll
  3384 | D:5      | HP: 1/61 [troll (5)]
  3388 | D:5      | Killed a troll
  3563 | D:5      | Reached XP level 8. HP: 42/69 MP: 8/8
  3854 | D:5      | Found a staircase to the Ecumenical Temple.
  3862 | D:5      | Reached skill level 8 in Axes
  4170 | D:5      | Reached * piety under Beogh
  4330 | D:6      | Gained mutation: Your flesh is cold resistant. (rC+)
                  | [potion of mutation]
  4330 | D:6      | Gained mutation: Your natural rate of healing is unusually
                  | fast. [potion of mutation]
  4379 | D:6      | Noticed Eustachio
  4435 | D:6      | Killed Eustachio
  4436 | D:6      | Reached skill level 9 in Axes
  4520 | D:6      | Reached skill level 5 in Shields
  4645 | D:6      | Found an ornate altar of the Wu Jian Council.
  4816 | D:6      | Reached skill level 10 in Axes
  4959 | D:6      | Reached ** piety under Beogh
  4965 | D:6      | Reached XP level 9. HP: 78/78 MP: 9/9
  5274 | D:7      | Shot with a bolt by an orc warrior

Illustrated notes

Levels and vault maps discovered:
D:1:      enne_arrival_octagon_isle, layout_rooms,
          shapermc_ecumenical_altar_petra
D:2:      layout_rooms, serial_bayou, serial_bayou_crossing,
          serial_bayou_shore_b, serial_bayou_ford_a, serial_bayou_pond_d,
          serial_shops, shop, minivault_24
D:3:      layout_rooms, general_overflow_altar
D:4:      layout_loops_corners
D:5:      layout_cave_pools, minmay_temple_entry_wispy,
          lightli_sewer_entry_pipes, moated_statue
D:6:      layout_basic, mainiacjoe_overflow_boulevard, uniq_eustachio
D:7:      layout_cave_pools, gammafunk_ghost_gnarly_gnolls

Skill      XL: |  1  2  3  4  5  6  7  8  9 |
---------------+----------------------------+-----
Axes           | 3 4 5 6 7 10 | 10.8
Fighting       | 4 5 6 7 |  7.2
Shields        | 4 5 |  5.6
Armour         | 4 5 6 |  6.4
Dodging        | 1 2 |  2.2
Stealth        | |  0.5

Action                   |  1- 3 |  4- 6 |  7- 9 || total
-------------------------+-------+-------+-------++-------
Melee: War axe           |   113 |   116 |   258 ||   487
Throw: Throwing net      |       |     1 |     1 ||     2
Invok: Convert to Beogh  |       |     1 |       ||     1
Evoke: Wand              |       |       |     1 ||     1
  Use: Scroll            |       |     4 |    15 ||    19
       Potion            |       |       |     3 ||     3
Armor: Scale mail        |    85 |    36 |       ||   121
       Plate armour      |       |     6 |       ||     6
       Ring mail         |       |     2 |    13 ||    15
       Chain mail        |       |       |   106 ||   106
Dodge: Dodged            |    74 |    73 |   198 ||   345
Block: Buckler           |    37 |    21 |    63 ||   121
